 Seeded DCSS version 0.27-a0-1191-g601b473118 (webtiles) character file.

Game seed: 1801985361935138449 (custom seed)

36 flotson the Covert (level 3, -8/35 HPs)
             Began as a Gnoll Delver on May 25, 2021.
             Mangled by a gnoll sergeant
             ... wielding a +0 trident
              (10 damage)
             ... on level 5 of the Dungeon.
             The game lasted 00:01:17 (465 turns).

flotson the Covert (Gnoll Delver)                    Turns: 465, Time: 00:01:18

Health: -8/35      AC:  3    Str: 12    XL:     3   Next: 37%
Magic:  4/4        EV: 13    Int:  9    God:
Gold:   13         SH:  0    Dex: 13    Spells: 3/3 levels left

rFire    . . .     SeeInvis .   a - +0 spear
rCold    . . .     Faith    .   (no shield)
rNeg     . . .     Spirit   .   b - +0 leather armour
rPois    .         Reflect  .   (no helmet)
rElec    .         Harm     .   (no cloak)
rCorr    .         Rampage  .   (no gloves)
Will     .....                  (no boots)
Stlth    ++++......             (no amulet)
HPRegen  0.11/turn              (no ring)
MPRegen  0.09/turn              (no ring)

@: no status effects
A: fangs 1, strong nose, distributed training
a: no special abilities


You were on level 5 of the Dungeon.
You visited 1 branch of the dungeon, and saw 1 of its levels.

You collected 13 gold pieces.

Inventory:

Hand Weapons
 a - a +0 spear (weapon)
Armour
 b - a +0 leather armour (worn)
Wands
 g - a wand of digging (3)
Scrolls
 c - a scroll of fog
 d - a scroll of magic mapping
 e - a scroll of fear


   Skills:
 + Level 6.5 Fighting
 + Level 0.7 Short Blades
 + Level 0.7 Long Blades
 + Level 0.7 Axes
 + Level 0.7 Maces & Flails
 + Level 4.5 Polearms
 + Level 0.7 Staves
 + Level 0.7 Slings
 + Level 0.7 Bows
 + Level 0.7 Crossbows
 + Level 0.7 Throwing
 + Level 0.7 Armour
 + Level 4.5 Dodging
 + Level 9.5 Stealth
 + Level 0.7 Shields
 + Level 0.7 Unarmed Combat
 + Level 0.7 Spellcasting
 + Level 0.5 Conjurations
 + Level 0.5 Hexes
 + Level 0.5 Summonings
 + Level 0.5 Necromancy
 + Level 0.5 Translocations
 + Level 0.5 Transmutations
 + Level 0.5 Fire Magic
 + Level 0.5 Ice Magic
 + Level 0.5 Air Magic
 + Level 0.5 Earth Magic
 + Level 0.5 Poison Magic
 + Level 0.9 Invocations
 + Level 0.7 Evocations


You had 3 spell levels left.
You didn't know any spells.
Your spell library was empty.

Dungeon Overview and Level Annotations

Branches:
Dungeon (5/15)
 Temple: D:4-7

Altars:


Innate Abilities, Weirdness & Mutations

You have very sharp teeth.
Your uncanny sense of smell can sniff out nearby items.
Your experience applies equally to all skills.


Message History

HP restored.
A steam dragon comes into view.
The steam dragon hisses angrily.
You hear a shout! x2 3 gnolls, a gnoll sergeant and a dart slug come into view.
The gnoll barely misses you.
The gnoll moves out of view.
You hit the gnoll but do no damage. The gnoll hits you with a +0 spear.
You closely miss the gnoll. The gnoll hits you but does no damage.
You hit the gnoll.
The gnoll is moderately wounded.
The gnoll hits you with a +0 spear!
You hit the gnoll but do no damage.
The gnoll is moderately wounded.
The gnoll hits you with a +0 spear!
You are too injured to fight recklessly!
You are too injured to fight recklessly!
You are too injured to fight recklessly!
You are too injured to fight recklessly!
You are too injured to fight recklessly!
You are too injured to fight recklessly!
You are too injured to fight recklessly!
You hit the gnoll but do no damage.
The gnoll is moderately wounded.
The gnoll closely misses you.
You hit the gnoll.
The gnoll is severely wounded.
You hit the gnoll sergeant but do no damage.
You hit the gnoll sergeant.
The gnoll sergeant is lightly wounded.
The gnoll sergeant hits you with a +0 trident!
* * * LOW HITPOINT WARNING * * *
You closely miss the gnoll sergeant. Your bite misses the gnoll sergeant.
The gnoll sergeant is lightly wounded.
You hit the gnoll sergeant but do no damage.
The gnoll sergeant is lightly wounded.
The gnoll sergeant closely misses you.
You hit the gnoll sergeant but do no damage.
The gnoll sergeant is lightly wounded.
The gnoll barely misses you.
The gnoll sergeant hits you with a +0 trident!
You die...

#..≈g≈≈≈≈≈...≈
#...≈gw≈≈≈.<⌠≈
#..≈≈≈≈≈≈≈?.$#≈
##.≈≈≈≈#≈≈≈=≈≈≈
##.#≈#≈≈≈≈≈o≈#≈
#...g≈≈≈≈≈..≈.≈
#.g.#≈#≈≈≈..$≈≈
∆
#.g###≈≈≈≈≈≈≈≈≈
#..@###.≈≈#≈≈≈
#....#.##≈≈.≈≈#
######..#...#
#....
........#####
### .......>#
#########


You could see a gnoll sergeant and a gnoll.

Vanquished Creatures
  A bullfrog skeleton (D:5)
  3 dart slugs (D:5)
4 creatures vanquished.

Vanquished Creatures (others)
  2 fungi (D:5)
2 creatures vanquished.

Grand Total: 6 creatures vanquished

Notes
Turn   | Place    | Note
-------+----------+-------------------------------------------
     0 | D:5      | Reached skill level 9 in Stealth
     0 | D:5      | flotson the Gnoll Delver began the quest for the Orb.
     0 | D:5      | Reached XP level 1. HP: 23/23 MP: 1/1
    69 | D:5      | Reached XP level 2. HP: 26/29 MP: 2/2
   109 | D:5      | Noticed a howler monkey
   133 | D:5      | Reached XP level 3. HP: 18/35 MP: 2/4
   139 | D:5      | Noticed a centaur
   439 | D:5      | Noticed a steam dragon
   450 | D:5      | Noticed a gnoll sergeant
   465 | D:5      | Mangled by a gnoll sergeant

Illustrated notes

Levels and vault maps discovered:
D:5:      kennysheep_slugbush, layout_basic,
          minmay_temple_entry_drinking_statues, uniq_crazy_yiuf_cottage

Skill      XL: | |
---------------+-+-----
Stealth        | |  9.5
Fighting       | |  6.5
Short Blades   | |  0.7
Long Blades    | |  0.7
Axes           | |  0.7
Maces & Flails | |  0.7
Polearms       | |  4.5
Staves         | |  0.7
Slings         | |  0.7
Bows           | |  0.7
Crossbows      | |  0.7
Throwing       | |  0.7
Armour         | |  0.7
Dodging        | |  4.5
Shields        | |  0.7
Unarmed Combat | |  0.7
Spellcasting   | |  0.7
Conjurations   | |  0.5
Hexes          | |  0.5
Summonings     | |  0.5
Necromancy     | |  0.5
Translocations | |  0.5
Transmutations | |  0.5
Fire Magic     | |  0.5
Ice Magic      | |  0.5
Air Magic      | |  0.5
Earth Magic    | |  0.5
Poison Magic   | |  0.5
Invocations    | |  0.9
Evocations     | |  0.7

Action                   || total
-------------------------++-------
Melee: Spear             ||    42
       Bite              ||     2
  Use: Potion            ||     1
Armor: Leather armour    ||     7
Dodge: Dodged            ||    19

Table legend: (Time is in decaauts)
 A = Elapsed time spent in this place.
 B = Non-inter-level travel time spent in this place.
 C = Inter-level travel time spent in this place.
 D = Time resting spent in this place.
 E = Time spent auto-exploring this place.
 F = Levels seen in this place.
 G = Mean time per level.
                   A        B        C        D        E       F      G
               +--------+--------+--------+--------+--------+-----+--------+
         Total |    445 |    445 |      0 |    310 |     41 |   1 |  445.0 |
       Dungeon |    445 |    445 |      0 |    310 |     41 |   1 |  445.0 |
               +--------+--------+--------+--------+--------+-----+--------+

Top non-repeatable levels by time:
     D:5: 445 daAuts
